 Dungeon Crawl Stone Soup version 0.30-a0-329-g85436e0a43 (webtiles) character file.

Game seed: 13163733087410424843

1241 koil the Sneak (level 8, -1/40 HPs)
             Began as a Spriggan Hunter on Oct 28, 2022.
             Slain by an iguana (11 damage)
             ... on level 4 of the Dungeon.
             The game lasted 00:09:23 (3564 turns).

koil the Sneak (Spriggan Hunter)                    Turns: 3564, Time: 00:09:25

Health: -1/40      AC:  3    Str:  7    XL:     8   Next: 25%
Magic:  15/15      EV: 21    Int: 11    God:
Gold:   243        SH:  0    Dex: 20    Spells: 12/15 levels left

rFire   . . .      SeeInvis +    a - +0 shortbow
rCold   . . .      Faith    .    (shield currently unavailable)
rNeg    . . .      Spirit   .    c - +0 robe
rPois   .          Reflect  .    (helmet restricted)
rElec   .          Harm     .    u - +0 cloak
rCorr   .          Rampage  .    (gloves unavailable)
Will    +....                    (boots unavailable)
Stlth   ++++......               (no amulet)
HPRegen 0.26/turn                (no ring)
MPRegen 0.14/turn                (no ring)

@: very quick
A: very small, no large weapons, unfitting armour, see invisible, speed 3
a: no special abilities


You were on level 4 of the Dungeon.
You visited 1 branch of the dungeon, and saw 5 of its levels.

You collected 243 gold pieces.

Inventory:

Hand Weapons
 a - a +0 shortbow (weapon)
 b - the +0 spear of Incongruity {vorpal, Dex+4 Stlth+}
   (You took it off a goblin on level 2 of the Dungeon)

   It inflicts extra damage upon your enemies.
   Dex:       It affects your dexterity (+4).
   Stlth:     It makes you more stealthy.
 g - a +0 dagger of speed
 y - a +0 whip of flaming
Missiles
 B - 3 poisoned darts
Armour
 c - a +0 robe (worn)
 m - a +0 cloak
 u - a +0 cloak (worn)
Jewellery
 d - an amulet of reflection
 e - a ring of flight
 r - a ring of ice
Wands
 q - a wand of charming (14)
 s - a wand of mindburst (7)
 A - a wand of flame (6)
Scrolls
 f - a scroll of blinking {unknown}
 h - 3 scrolls of identify {unknown}
 i - 4 scrolls of enchant weapon {unknown}
 n - a scroll of immolation
 p - a scroll of fear {unknown}
 t - a scroll of poison {unknown}
 x - 2 scrolls of fog {unknown}
Potions
 j - 3 potions of haste {unknown}
 k - a potion of resistance {unknown}
 l - a potion of heal wounds
 o - 4 potions of degeneration {unknown}
 v - 2 potions of flight {unknown}
 w - a potion of cancellation {unknown}
 z - 5 potions of curing {unknown}


   Skills:
 + Level 3.4 Fighting
 + Level 5.5 Ranged Weapons
 + Level 5.6 Dodging
 + Level 6.2 Stealth
 + Level 4.1 Spellcasting
 + Level 2.3 Conjurations
 + Level 2.6 Ice Magic


You had 12 spell levels left.
You knew the following spells:

 Your Spells              Type           Power      Damage    Failure   Level
a - Hailstorm             Conj/Ice       7%         3d4       26%         3

Your spell library contained the following spells:

 Spells                   Type           Power      Damage    Failure   Level
 Freeze                   Ice            32%        1d5       8%          1
 Ensorcelled Hibernation  Hex/Ice        10%        N/A       21%         2
 Frozen Ramparts          Ice            16%        1d3       24%         3
 Spider Form              Tmut/Pois      2%         N/A       56%         3
 Anguish                  Hex/Necr       1%         N/A       93%         4


Dungeon Overview and Level Annotations

Branches:
Dungeon (5/15)             Temple (0/1) D:4

Altars:
Qazlal
Trog
Zin


Innate Abilities, Weirdness & Mutations

You are very small and have problems with some larger weapons.
You are too small for most types of armour.
You have supernaturally acute eyesight. (SInv)
You cover ground extremely quickly. (Speed+++)


Message History

The puff of flame hits you. The iguana misses you.
The orc wizard barely misses you.
You shoot an arrow. The arrow hits the orc wizard!
The orc wizard is severely wounded.
The orc wizard casts a spell.
The orc wizard flickers and vanishes for a moment.
The iguana bites you.
You are too injured to fight recklessly!
You are too injured to fight recklessly!
You are too injured to fight recklessly!
You are too injured to fight recklessly!
Unknown command.
The iguana misses you.
The orc wizard hits you with a +2 dagger of flaming.
The orc wizard burns you.
You climb upwards.
There is a stone staircase leading down here.
You are too injured to fight recklessly!
You are too injured to fight recklessly!
You are too injured to fight recklessly!
Unknown command.
The iguana misses you.
The orc wizard points at you and mumbles some strange words.
The magic dart hits you.
* * * LOW HITPOINT WARNING * * *
You are too injured to fight recklessly!
You are too injured to fight recklessly!
You are too injured to fight recklessly!
Fire: a) +0 shortbow
Press: ? - help, Q - select action, (/) - cycle Shift-Dir - straight line, f - iguana
Aim: an iguana (69% to hit)
You shoot an arrow. The arrow hits the iguana!
The iguana is heavily wounded.
Fire: a) +0 shortbow
Press: ? - help, Q - select action, (/) - cycle Shift-Dir - straight line, f/p - iguana
Aim: an iguana (heavily wounded, 69% to hit)
You shoot an arrow. The arrow hits the iguana.
The iguana is almost dead.
The iguana bites you!
You die...

####.## #.# #
##.#...## #.# #
##....[..####.## #
#.....)[..##...#####
##..[..[............
#..#....###...#####
#..##.#.# ##.##
#...>...# #.#
##@###### #.## #l#
#####.# # #.#
#..##.# # #o#
######.†÷# ##
##.###...#...## ##.
##...#####.##.# #..
#..>.# ##.###.####..
#....# #...###.##...
#.#.####..## #..#..#


You could see an iguana and an orc wizard (invisible).

Vanquished Creatures
  Pikel (D:4)
  An ice beast (D:5)
  A black bear (D:5)
  2 scorpions
  A vampire bat (D:4)
  A jelly (D:5)
  A hound (D:4)
  Natasha (thrice) (D:3)
  2 iguanas (D:5)
  An orc wizard (D:4)
  4 gnolls (D:4)
  2 adders
  2 ufetubi (D:5)
  4 worms (D:2)
  A dart slug (D:2)
  3 fire bats (D:4)
  8 orcs
  2 spectral bats (D:4)
  A bat simulacrum (D:4)
  3 bat skeletons (D:4)
  A bat zombie (D:4)
  2 endoplasms (D:1)
  3 giant cockroaches
  8 hobgoblins
  2 jackals (D:1)
  5 kobolds
  3 quokkas
  5 ball pythons
  15 bats
  2 frilled lizards (D:2)
  6 goblins
  A rat (D:3)
97 creatures vanquished.

Notes
Turn   | Place    | Note
-------+----------+-------------------------------------------
     0 | D:1      | koil the Spriggan Hunter began the quest for the Orb.
     0 | D:1      | Reached XP level 1. HP: 10/10 MP: 2/2
   138 | D:1      | Reached skill level 2 in Stealth
   143 | D:1      | Reached XP level 2. HP: 15/15 MP: 3/3
   237 | D:1      | Found a faded altar of an unknown god.
   328 | D:1      | Reached skill level 1 in Spellcasting
   632 | D:2      | Identified the +0 spear of Incongruity {vorpal, Dex+4
                  | Stlth+}
   688 | D:2      | Reached XP level 3. HP: 18/18 MP: 5/5
  1181 | D:3      | Found a glowing silver altar of Zin.
  1201 | D:3      | Learned a level 3 spell: Hailstorm
  1231 | D:3      | Noticed Natasha
  1240 | D:3      | Killed Natasha
  1241 | D:3      | Reached skill level 3 in Stealth
  1241 | D:3      | Reached XP level 4. HP: 16/23 MP: 7/7
  1555 | D:3      | Noticed Natasha
  1561 | D:3      | Killed Natasha
  1637 | D:3      | Noticed Natasha
  1695 | D:3      | Killed Natasha
  1712 | D:4      | Noticed Pikel
  1712 | D:4      | Noticed a lemure
  1712 | D:4      | Noticed a lemure
  1712 | D:4      | Noticed a lemure
  1712 | D:4      | Noticed a lemure
  1807 | D:4      | Found a stormy altar of Qazlal.
  1954 | D:4      | Reached XP level 5. HP: 26/26 MP: 7/9
  1992 | D:4      | Found a staircase to the Ecumenical Temple.
  2036 | D:4      | Found a bloodstained altar of Trog.
  2065 | D:4      | Killed Pikel
  2066 | D:4      | Reached skill level 5 in Ranged Weapons
  2066 | D:4      | Reached skill level 5 in Stealth
  2066 | D:4      | Reached skill level 1 in Conjurations
  2066 | D:4      | Reached skill level 1 in Ice Magic
  2066 | D:4      | Reached XP level 6. HP: 17/32 MP: 9/11
  2066 | D:4      | Reached XP level 7. HP: 19/36 MP: 9/12
  2661 | D:4      | Reached skill level 5 in Dodging
  2949 | D:5      | Entered Level 5 of the Dungeon
  3149 | D:5      | Reached XP level 8. HP: 18/40 MP: 14/14
  3226 | D:5      | Reached skill level 6 in Stealth
  3564 | D:4      | Slain by an iguana

Illustrated notes

Levels and vault maps discovered:
D:1:      matt_arrival_spirals, layout_rooms, basic_ecumenical_altar,
          dreamdust_wishing_well
D:2:      layout_basic
D:3:      layout_basic, mainiacjoe_overflow_boulevard, corexii_shack,
          uniq_natasha
D:4:      layout_loops_corners, grunt_temple_overflow_open,
          minmay_temple_entry_tees, goddamned_bats, uniq_pikel
D:5:      cheibrodos_two_vegetables, layout_basic, okawaru_ov_weapons_minmay,
          cheibrodos_sewer_entry_bend, chequers_decorated_corner

Skill      XL: |  1  2  3  4  5  6  7  8 |
---------------+-------------------------+-----
Stealth        | 2 3 5 6 |  6.2
Dodging        | 3 4 5 |  5.6
Spellcasting   | 1 2 3 4 |  4.1
Fighting       | 2 3 |  3.4
Ranged Weapons | 5 |  5.5
Conjurations   | 1 2 |  2.3
Ice Magic      | 1 2 |  2.6

Action                   |  1- 3 |  4- 6 |  7- 9 || total
-------------------------+-------+-------+-------++-------
Melee: Shortbow          |       |       |     3 ||     3
 Fire: Shortbow          |   107 |    41 |   194 ||   342
Evoke: Wand              |       |     3 |       ||     3
  Use: Potion            |       |       |     1 ||     1
Armor: Robe              |     2 |     1 |    35 ||    38
Dodge: Dodged            |    32 |     7 |   278 ||   317

Table legend: (Time is in decaauts)
 A = Elapsed time spent in this place.
 B = Non-inter-level travel time spent in this place.
 C = Inter-level travel time spent in this place.
 D = Time resting spent in this place.
 E = Time spent auto-exploring this place.
 F = Levels seen in this place.
 G = Mean time per level.
                   A        B        C        D        E       F      G
               +--------+--------+--------+--------+--------+-----+--------+
         Total |   2625 |   2528 |     97 |    213 |   1590 |   5 |  525.0 |
       Dungeon |   2625 |   2528 |     97 |    213 |   1590 |   5 |  525.0 |
               +--------+--------+--------+--------+--------+-----+--------+

Top non-repeatable levels by time:
     D:4: 1166 daAuts
     D:3: 422 daAuts
     D:2: 387 daAuts
     D:1: 370 daAuts
     D:5: 279 daAuts
